AoeStats
← Tomachela

Scandinavia

510417347Analyzed
1v1 RM · 1d ago on Sep 30, 2026· 88m 11s· 2 players
Game mode
Random Map
Map size
Tiny (2 player)
Population
200
Speed
Normal
Resources
Standard
Victory
Conquest
Starting age
Dark Age
Ending age
Imperial Age
RankedLock teamsTeams togetherTeam positionsShared explorationLock speedFull tech treeHidden civsTurbo modeCheats
Victory
Defeat
🇨🇱 Franks · Chile
635
+15
🇺🇸 Huns · United States
622
-15
Secret Tunnels
7:43 Loom
11:27 Feudal Age
12:48 Double-Bit Axe
14:17 Town Watch
14:31 Stone Mining
14:33 Gold Mining
22:51 Castle Age
21:03 Bloodlines
22:13 Wheelbarrow
21:20 Horse Collar
22:33 Forging
22:28 Scale Barding Armor
22:23 Scale Mail Armor
23:26 Scale Barding Armor
23:21 Scale Mail Armor
25:39 Pikeman
30:31 Gold Shaft Mining
30:44 Light Cavalry
31:25 Husbandry
32:21 Murder Holes
34:32 Thumb Ring
35:54 Masonry
36:04 Ballistics
36:56 Iron Casting
36:41 Chain Barding Armor
36:36 Chain Mail Armor
40:00 Elite Skirmisher
40:05 Crossbowman
44:38 Imperial Age
42:30 Bow Saw
42:21 Heavy Plow
48:45 Fishing Lines
49:10 Town Patrol
49:27 Hand Cart
49:44 Marauders
49:07 Elite Tarkan
52:42 Chain Mail Armor
62:47 Gillnets
64:11 Two-Man Saw
63:38 Medium Warships
64:52 Atheism
66:38 Heavy Warships
66:16 Halberdier
66:42 Arson
66:57 Squires
68:19 Conscription
68:45 Hand Cart
Tomachela
5:19 Loom
10:17 Feudal Age
14:36 Double-Bit Axe
23:02 Castle Age
21:36 Scale Barding Armor
21:41 Forging
23:06 Padded Archer Armor
23:17 Gold Mining
26:38 Husbandry
28:03 Ballistics
32:07 Wheelbarrow
31:23 Town Watch
32:09 Bow Saw
32:22 Chain Barding Armor
32:38 Iron Casting
32:14 Elite Skirmisher
35:07 Hand Cart
40:24 Imperial Age
39:39 Murder Holes
40:46 Cavalier
42:05 Iron Casting
47:38 Chemistry
49:08 Town Patrol
63:11 Paladin
82:41 Plate Barding Armor
83:07 Blast Furnace
Connection lost

Rejoining the realm…

Still unreachable

The connection could not be restored.

Session expired

The server has moved on; the page needs a fresh start.